 Dungeon Crawl Stone Soup version 0.30-a0-12-gd8047c6341 (webtiles) character file.

Game seed: 5590642643411013872

2237 Zonian the Covert (level 9, -11/46 HPs)
             Began as a Spriggan Brigand on Aug 24, 2022.
             Was a Believer of Dithmenos.
             Killed from afar by a steam dragon (15 damage)
             ... with a ball of steam
             ... on level 8 of the Dungeon.
             The game lasted 00:17:11 (9338 turns).

Zonian the Covert (Spriggan Brigand)                Turns: 9338, Time: 00:17:12

Health: -11/46     AC:  8    Str:  9    XL:     9   Next: 14%
Magic:  10/10      EV: 20    Int: 13    God:    Dithmenos [**....]
Gold:   286        SH:  0    Dex: 18    Spells: 8/8 levels left

rFire   x . .      SeeInvis +    g - +3 sling (flame)
rCold   + . .      Faith    .    (no shield)
rNeg    . . .      Spirit   .    q - +0 acid dragon scales
rPois   .          Reflect  .    (helmet restricted)
rElec   .          Harm     .    c - +1 cloak
rCorr   +          Rampage  .    (gloves unavailable)
Will    +....                    (boots unavailable)
Stlth   +++++.....               (no amulet)
HPRegen 0.15/turn                w - ring of ice
MPRegen 0.12/turn                (no ring)

@: wreathed by umbra, very quick
A: very small, no large weapons, unfitting armour, see invisible, speed 3
a: Renounce Religion, Shadow Step


You were on level 8 of the Dungeon.
You worshipped Dithmenos.
Dithmenos was pleased with you.
You visited 2 branches of the dungeon, and saw 9 of its levels.

You collected 286 gold pieces.

Inventory:

Hand Weapons
 a - a +3 dagger
 g - a +3 sling of flaming (weapon)
 k - a +2 war axe of holy wrath
 z - a +3 dagger of protection
Missiles
 d - 22 poisoned darts
 e - 2 curare-tipped darts
Armour
 b - a +0 robe
 c - a +1 cloak (worn)
 q - +0 acid dragon scales (worn)
Magical Staves
 r - a staff of poison
Jewellery
 w - a ring of ice (left hand)
Wands
 m - a wand of charming (12)
 u - a wand of iceblast (6)
Scrolls
 j - 3 scrolls of magic mapping
 l - 2 scrolls of summoning
 p - 2 scrolls of blinking
 x - 3 scrolls of silence
Potions
 f - a potion of lignification
 h - a potion of resistance
 i - a potion of curing
 n - a potion of brilliance
 o - a potion of attraction {unknown}
 s - a potion of berserk rage {unknown}
 t - a potion of magic
 v - 4 potions of degeneration {unknown}
 A - a potion of invisibility {unknown}


   Skills:
 + Level 4.8 Fighting
 - Level 3.7 Short Blades
 + Level 4.7 Ranged Weapons
 - Level 4.8 Throwing
 + Level 7.5 Dodging
 + Level 10.5 Stealth


You had 8 spell levels left.
You didn't know any spells.
Your spell library contained the following spells:

 Spells                   Type           Power      Damage    Failure   Level
 Freeze                   Ice            0%         1d3       45%         1
 Dazzling Flash           Conj/Hex       0%         N/A       83%         3
 Frozen Ramparts          Ice            0%         1d1       83%         3
 Corpse Rot               Necr/Pois/Air  0%         N/A       99%         4
 Dispel Undead            Necr           0%         3d6       99%         4
 Hailstorm                Conj/Ice       0%         3d3       99%         4
 Agony                    Necr           0%         N/A       100%        5
 Silence                  Hex/Air        0%         N/A       100%        5
 Death Channel            Necr           0%         N/A       100%        6


Dungeon Overview and Level Annotations

Branches:
Dungeon (8/15)             Temple (1/1) D:4
   Lair: D:8-11

Altars:
Ashenzari
Dithmenos
Elyvilon
Fedhas
Hepliaklqana
Kikubaaqudgha
Nemelex Xobeh
Qazlal
Sif Muna
Trog
Vehumet
Wu Jian
Xom
Yredelemnul
The Shining One

Shops:
D:4 :

Annotations:
D:2 1 runed translucent door, Crazy Yiuf, Jessica, Natasha


Innate Abilities, Weirdness & Mutations

You are very small and have problems with some larger weapons.
You are too small for most types of armour.
You have supernaturally acute eyesight. (SInv)
You cover ground extremely quickly. (Speed+++)


Message History

The sling bullet burns the wyvern.
The wyvern hisses angrily.
The wyvern is lightly wounded.
You hear an angry hiss.
The killer bee buzzes angrily.
You hear an angry buzzing noise. x2
A killer bee comes into view. x2; A steam dragon comes into view.
The killer bee moves out of view.
Unknown command.
You shoot a sling bullet. The killer bee buzzes angrily.
The sling bullet hits the killer bee!
The sling bullet burns the killer bee.
The killer bee is heavily wounded.
A killer bee comes into view.
A water moccasin comes into view.
Unknown command.
The wyvern completely misses you.
You climb upwards.
There is a stone staircase leading down here.
Unknown command.
You see here 5 javelins.
There is a stone staircase leading down here.
You climb downwards.
Found a stone staircase leading down.
There is a stone staircase leading up here.
Unknown command.
You shoot a sling bullet. The sling bullet hits the steam dragon!
The sling bullet burns the steam dragon.
The steam dragon is moderately wounded.
The hornet buzzes angrily. x2
You shoot a sling bullet. The sling bullet hits the steam dragon.
The sling bullet burns the steam dragon.
The steam dragon is heavily wounded.
The steam dragon breathes steam at you. The ball of steam hits you!!
The steam scalds you terribly!
Ouch! That really hurt!
You hear an angry hiss.
You are engulfed in a cloud of scalding steam.
* * * LOW HITPOINT WARNING * * *
The steam dragon breathes steam at you. The ball of steam hits you!
The steam scalds you terribly!
You die...

#. .# ####. .#
.....###.#
.........##
....y..... .#
....§≈≈≈§##.##
#..y§§§§§...#
#.§≈≈§@§§§#
#≈≈≈.§§§§D§§.#
#§≈§.8..8.§≈§§#
#≈§8##++##8§§..
§≈≈ #§≈≈. §≈
#≈≈. § ≈≈. ≈.


You could see 2 hornets.

Vanquished Creatures
  A troll (D:7)
  A slime creature (D:7)
  Sigmund (D:2)
  Eustachio (D:5)
  An acid dragon (D:7)
  An ice beast (D:4)
  2 sky beasts
  An ogre (D:6)
  A scorpion (D:5)
  3 wights (D:7)
  4 howler monkeys
  3 orc priests
  A hound (D:4)
  A jelly (D:7)
  6 iguanas
  5 orc wizards
  13 adders
  A shadow imp (D:7)
  A white imp (D:7)
  3 ufetubi
  2 worms (D:3)
  A dart slug (D:1)
  24 orcs
  4 endoplasms
  4 giant cockroaches
  8 goblins
  7 hobgoblins
  7 jackals
  2 quokkas (D:4)
  6 ball pythons
  3 bats
  3 frilled lizards
  8 kobolds
  6 rats
136 creatures vanquished.

Vanquished Creatures (collateral kills)
  An orc wizard (D:5)
  An orc (D:5)
2 creatures vanquished.

Grand Total: 138 creatures vanquished

Notes
Turn   | Place    | Note
-------+----------+-------------------------------------------
     0 | D:1      | Zonian the Spriggan Brigand began the quest for the Orb.
     0 | D:1      | Reached XP level 1. HP: 10/10 MP: 2/2
   312 | D:1      | Reached skill level 6 in Stealth
   321 | D:1      | Reached XP level 2. HP: 11/15 MP: 3/3
  1696 | D:2      | Noticed Sigmund
  1700 | D:2      | Reached XP level 3. HP: 8/18 MP: 4/4
  2005 | D:2      | Noticed Jessica
  2412 | D:2      | Found a bloodstained altar of Trog.
  2891 | D:2      | Found a runed translucent door.
  2892 | D:2      | Noticed Crazy Yiuf
  3014 | D:2      | Reached XP level 4. HP: 2/23 MP: 5/5
  3443 | D:2      | Killed Sigmund
  3444 | D:2      | Reached skill level 7 in Stealth
  3444 | D:2      | Reached XP level 5. HP: 23/27 MP: 6/6
  3516 | D:2      | Noticed Natasha
  4002 | D:3      | Reached XP level 6. HP: 32/32 MP: 7/7
  4257 | D:4      | Found a staircase to the Ecumenical Temple.
  4265 | Temple   | Entered the Ecumenical Temple
  4431 | Temple   | Became a worshipper of Dithmenos the Shadowed
  4659 | D:4      | Noticed an ice beast
  4723 | D:4      | Killed an ice beast
  4724 | D:4      | Reached skill level 1 in Ranged Weapons
  4963 | D:4      | Reached XP level 7. HP: 36/36 MP: 8/8
  5035 | D:4      | Found Herunil's Book Shoppe.
  5322 | D:5      | Entered Level 5 of the Dungeon
  5334 | D:5      | Reached * piety under Dithmenos
  5394 | D:5      | Reached skill level 8 in Stealth
  6044 | D:5      | Noticed Eustachio
  6079 | D:5      | Killed Eustachio
  6080 | D:5      | Reached skill level 5 in Dodging
  6326 | D:5      | You fall into a shaft and drop 2 floors!
  6452 | D:7      | Reached XP level 8. HP: 35/42 MP: 9/9
  6491 | D:7      | Noticed a slime creature
  6538 | D:7      | Killed a slime creature
  6539 | D:7      | Reached skill level 9 in Stealth
  7972 | D:6      | Reached ** piety under Dithmenos
  8769 | D:7      | Reached skill level 10 in Stealth
  9000 | D:7      | Found an ancient bone altar of Kikubaaqudgha.
  9182 | D:7      | Noticed a troll
  9192 | D:7      | Killed a troll
  9193 | D:7      | Reached XP level 9. HP: 39/46 MP: 10/10
  9311 | D:8      | Noticed a boulder beetle
  9338 | D:8      | Killed from afar by a steam dragon

Illustrated notes

Levels and vault maps discovered:
D:1:      dpeg_arrival_arbitrary_a, layout_loops_ring, st_stairs_9,
          minmay_quantized
D:2:      layout_rooms, hellmonk_ecumenical_altar_inner_sanctum, basic_altar,
          minivault_19, moated_statue, uniq_crazy_yiuf_cottage, uniq_sigmund,
          uniq_jessica, uniq_natasha
D:3:      layout_rooms
D:4:      layout_loops_ring, minmay_temple_entry_grid, serial_shops,
          nicolae_shop_statue_plus
D:5:      layout_basic, uniq_eustachio
D:6:      layout_basic, nicolae_elevator_lobby_asterisk
D:7:      layout_rooms, nicolae_kikubaaqudgha_miasma_corner, abandoned_shop,
          chequers_serial_rivers_micro_d, kb_rosetta
D:8:      minmay_the_grid_plus [minmay_the_grid_mess,
          minmay_the_grid_minigrid_medium, minmay_the_grid_large_cup,
          minmay_the_grid_doors, minmay_the_grid_prize_inner_circle],
          layout_loops_ring, chequers_jeans, st_stairs_10,
          hangedman_glass_teeth, hangedman_decor_riveting,
          kennysheep_island_fort
Temple:   nicolae_temple_bog_church

Skill      XL: |  1  2  3  4  5  6  7  8 |
---------------+-------------------------+-----
Stealth        | 6 7 8 10 | 10.5
Dodging        | 2 3 4 5 7 |  7.5
Fighting       | 2 3 4 |  4.8
Short Blades   | 3 |  3.7
Throwing       | 3 4 |  4.8
Ranged Weapons | 1 2 4 |  4.7

Action                   |  1- 3 |  4- 6 |  7- 9 || total
-------------------------+-------+-------+-------++-------
Melee: Dagger            |   131 |    35 |    13 ||   179
       Punch             |     3 |       |     1 ||     4
 Fire: Sling             |       |    71 |   279 ||   350
Throw: Dart              |       |     2 |     1 ||     3
Evoke: Wand              |     3 |     1 |     2 ||     6
  Use: Potion            |       |     3 |     1 ||     4
       Scroll            |       |     7 |    10 ||    17
 Stab: Sleeping          |    12 |     4 |     3 ||    19
       Distracted        |       |       |     2 ||     2
Armor: Robe              |    18 |     5 |    18 ||    41
Dodge: Dodged            |    77 |    45 |   218 ||   340

Table legend: (Time is in decaauts)
 A = Elapsed time spent in this place.
 B = Non-inter-level travel time spent in this place.
 C = Inter-level travel time spent in this place.
 D = Time resting spent in this place.
 E = Time spent auto-exploring this place.
 F = Levels seen in this place.
 G = Mean time per level.
                   A        B        C        D        E       F      G
               +--------+--------+--------+--------+--------+-----+--------+
         Total |   7550 |   7302 |    248 |   2613 |   3296 |   9 |  838.9 |
       Dungeon |   7433 |   7192 |    241 |   2613 |   3218 |   8 |  929.1 |
        Temple |    116 |    109 |      7 |      0 |     77 |   1 |  116.0 |
               +--------+--------+--------+--------+--------+-----+--------+

Top non-repeatable levels by time:
     D:1: 1986 daAuts
     D:5: 1419 daAuts
     D:7: 1016 daAuts
     D:2: 990 daAuts
     D:6: 832 daAuts
     D:4: 661 daAuts
     D:3: 519 daAuts
  Temple: 116 daAuts
     D:8: 7 daAuts
